 Dungeon Crawl Stone Soup version 0.24-a0-115-gd155597 (console) character file.

Game seed: 4063620126467130950

39 Duffy the Chopper (level 3, 3/32 HPs)
             Began as a Naga Gladiator on Feb 16, 2019.
             Quit the game on level 4 of the Dungeon.
             The game lasted 00:01:07 (874 turns).

Duffy the Chopper (Naga Gladiator)                   Turns: 874, Time: 00:01:08

Health: 3/32       AC:  3    Str: 16    XL:     3   Next: 45%
Magic:  3/3        EV: 10    Int:  9    God:
Gold:   28         SH:  0    Dex: 12    Spells: 2/2 levels left

rFire    . . .     SeeInvis +   a - +0 war axe
rCold    . . .     Gourm    .   (no shield)
rNeg     . . .     Faith    .   b - +0 leather armour
rPois    +         Spirit   .   c - +0 helmet
rElec    .         Reflect  .   (no cloak)
rCorr    .         Harm     .   (no gloves)
MR       .....                  (no barding)
Stlth    +.........             (no amulet)
HPRegen  0.10/turn              o - ring of wizardry
MPRegen  0.08/turn              (no ring)

@: very slow
A: large, see invisible, deformed body, poison resistance, slowness 2, slow
metabolism 1, spit poison 1, AC +1
a: Spit Poison


You were on level 4 of the Dungeon.
You were not hungry.

You visited 1 branch of the dungeon, and saw 4 of its levels.

You collected 28 gold pieces.

Inventory:

Hand Weapons
 a - a +0 war axe (weapon)
Missiles
 d - 3 throwing nets (quivered)
Armour
 b - a +0 leather armour (worn)
 c - a +0 helmet (worn)
Jewellery
 o - a ring of wizardry (left hand)
Scrolls
 i - 2 scrolls of teleportation {unknown}
 l - a scroll of remove curse {unknown}
 m - a scroll of identify {unknown}
 p - a scroll of amnesia {unknown}
Potions
 e - a potion of flight {unknown}
 h - 3 potions of magic {unknown}
 j - 2 potions of mutation {unknown}
 k - a potion of degeneration {unknown}
 n - a potion of curing {unknown}
Comestibles
 f - 5 rations
 g - 2 chunks of flesh


   Skills:
 - Level 2.0 Fighting
 + Level 4.4 Axes
 - Level 1.7 Throwing
 - Level 2.4 Dodging


You had 2 spell levels left.
You didn't know any spells.
Your spell library was empty.

Dungeon Overview and Level Annotations

Branches:
Dungeon (4/15)
 Temple: D:4-7

Altars:

Annotations:
D:4 Wired's ghost, amateur HOMo


Innate Abilities, Weirdness & Mutations

You cannot wear boots.
Your serpentine skin is tough. (AC +1)
You have supernaturally acute eyesight. (SInv)
Armour fits poorly on your strangely shaped body.
Your system is resistant to poisons. (rPois)
You cover ground very slowly.
You have a slow metabolism.
You can spit poison.


Message History

Unknown command.
You open the gate.
The kobold throws a stone.
The stone hits you but does no damage.
You hit Wired's ghost.
Wired's ghost is lightly damaged.
Wired's ghost hits you! x2
You barely miss Wired's ghost.
Wired's ghost is lightly damaged.
Wired's ghost hits you.
You closely miss Wired's ghost.
Wired's ghost is lightly damaged.
Wired's ghost barely misses you.
You hit Wired's ghost.
Wired's ghost is lightly damaged.
Wired's ghost hits you!
Wired's ghost hits you but does no damage.
You hit Wired's ghost.
Wired's ghost is moderately damaged.
Wired's ghost closely misses you.
Are you sure you want to abandon this character and quit the game? (Confirm with "yes".)

#........#
#.?......#
#.......#
##.......######
#..........%..#
#....%...###.##
#####.#### #..# #.#
#####.##### #(#
#....KKW@.# #.#
#.##'KK##.# #.#
###..KKK### ####
#.# #.#..K#K#
...###.####}.#.#.}#
##.#......#.#...#.#
##........##.....##
...........##...#
............#


You could see a big kobold, Wired's ghost and 8 kobolds.

Vanquished Creatures
  An adder (D:4)
  2 dart slugs
  3 giant cockroaches
  2 goblins (D:1)
  A hobgoblin (D:1)
  4 jackals (D:2)
  3 kobolds
  A quokka (D:4)
  A ball python (D:2)
  3 bats
  2 frilled lizards (D:1)
  2 rats
25 creatures vanquished.

Notes
Turn   | Place    | Note
-------+----------+-------------------------------------------
     0 | D:1      | Duffy the Naga Gladiator began the quest for the Orb.
     0 | D:1      | Reached XP level 1. HP: 19/19 MP: 1/1
    96 | D:1      | Reached XP level 2. HP: 21/26 MP: 2/2
   458 | D:2      | Reached skill level 4 in Axes
   622 | D:3      | Reached XP level 3. HP: 30/32 MP: 3/3
   747 | D:4      | Found a runed translucent gate.
   747 | D:4      | Found a runed translucent gate.
   747 | D:4      | Identified the +8 dagger of Youthful Indiscretion {elec,
                  | +Inv Str+6 Dex+4}
   748 | D:4      | Noticed a big kobold
   858 | D:4      | Noticed Wired's ghost (amateur HOMo)
   861 | D:4      | Found a runed translucent gate.
   874 | D:4      | Quit the game

Levels and vault maps discovered:
D:1:      lightli_arrival_maybe_door_vault, layout_basic, hex_large
D:2:      layout_rooms, minmay_misc_feat_diagonals
D:3:      layout_basic, serial_rivers, chequers_serial_rivers_marsh,
          chequers_serial_rivers_small_b, chequers_serial_rivers_micro_b,
          chequers_serial_rivers_large_a, chequers_serial_rivers_micro_e,
          nemelex_dance_club_becter
D:4:      layout_rooms, grunt_temple_overflow_opulence,
          minmay_temple_entry_fiery, gammafunk_ghost_nasty_kobolds,
          serial_curves, eino_curves_03, eino_curves_01, eino_curves_04,
          eino_curves_04, first_ration

Skill      XL: |  1  2 |
---------------+-------+-----
Axes           | 4 |  4.4
Fighting       | |  2.0
Throwing       | |  1.7
Dodging        | |  2.4

Action                   || total
-------------------------++-------
Melee: War axe           ||    57
 Abil: Spit Poison       ||     1
Armor: Leather armour    ||    18
Dodge: Dodged            ||    42

Table legend:
 A = Non-vault XP
 B = Vault XP
 C = Vault XP percentage of total XP
 D = Non-vault monster count
 E = Vault monster count
 F = Vault count percentage of total count
                 A         B        C        D         E       F
            +---------+---------+-------+---------+---------+-------
      Total |      56 |       0 |   0.0 |      25 |       0 |   0.0
            +---------+---------+-------+---------+---------+-------
        D:1 |      17 |       0 |   0.0 |      10 |       0 |   0.0
        D:2 |      15 |       0 |   0.0 |       8 |       0 |   0.0
        D:3 |       5 |       0 |   0.0 |       3 |       0 |   0.0
        D:4 |      19 |       0 |   0.0 |       4 |       0 |   0.0
            +---------+---------+-------+---------+---------+-------
